 Dungeon Crawl Stone Soup version 0.18-a0-1539-g1c7284a (webtiles) character file.

12367 namelastname112 the Martial Artist (level 11, -7/94 (95) HPs)
             Began as a Red Draconian Monk on Mar 9, 2016.
             Was an Elder of Nemelex Xobeh.
             Shot with an arrow by a centaur warrior (21 damage)
             ... on level 11 of the Dungeon.
             The game lasted 00:21:38 (8906 turns).

namelastname112 the Martial Artist (DrMo)           Turns: 8906, Time: 00:21:38

HP:   -7/94 (95)    AC: 10    Str: 16    XL:     11   Next: 61%
MP:   25/25         EV: 17    Int: 14    God:    Nemelex Xobeh [****..]
Gold: 191           SH:  0    Dex: 16    Spells: 0 memorised, 10 levels left

rFire  + . .     SeeInvis .       - Unarmed
rCold  . . .     Gourm    .     (armour unavailable)
rNeg   + . .     Faith    .     (no shield)
rPois  .         Spirit   .     M - +0 hat
rElec  .         Dismiss  .     I - +2 cloak of Disappointment {+Blink rN+ MP+9 Dex-3}
rCorr  .         Reflect  .     (no gloves)
SustAt .         Harm     .     (no boots)
MR     +....                    (no amulet)
Stlth  ++........               q - +4 ring of intelligence
                                s - ring of protection from magic

@: somewhat resistant to hostile enchantments, unstealthy
A: breathe fire, unfitting armour, horns 1, agile 1, fire resistance 1, mutation
resistance 1, regeneration 1, screaming 1, strong 1, cold-blooded, AC +7
a: Breathe Fire, Triple Draw, Deal Four, Renounce Religion, Evoke Blink


You were on level 11 of the Dungeon.
You worshipped Nemelex Xobeh.
Nemelex Xobeh was greatly pleased with you.
You were not hungry.

You visited 1 branch of the dungeon, and saw 11 of its levels.

You collected 495 gold pieces.
You spent 304 gold pieces at shops.

Inventory:

Missiles
 i - 2 throwing nets (quivered)
Armour
 I - the +2 cloak of Disappointment (worn) {+Blink rN+ MP+9 Dex-3}
   (You bought it in a shop on level 9 of the Dungeon)

   It affects your dexterity (-3).
   It protects you from negative energy.
   It affects your magic capacity (+9).
   It lets you blink.
 M - a +0 hat (worn)
Rods
 x - a +0 lightning rod (13/13)
   (You found it on level 5 of the Dungeon)
Jewellery
 q - a +4 ring of intelligence (right hand)
 s - a ring of protection from magic (left hand)
 E - an uncursed ring of fire
 P - an uncursed ring of flight
Wands
 p - a wand of lightning (6/15)
 y - a wand of random effects (26/48)
 B - a wand of paralysis (22/24)
 G - a wand of slowing (7/48)
Scrolls
 b - 3 scrolls of amnesia
 e - 7 scrolls of remove curse
 f - 2 scrolls of fog
 h - 4 scrolls of teleportation
 o - a scroll of magic mapping
 t - 3 scrolls of enchant armour
 w - 2 scrolls of blinking
 C - 3 scrolls of recharging
 N - a scroll of enchant weapon {unknown}
Potions
 c - 3 potions of cancellation
 j - a potion of invisibility {unknown}
 n - a potion of agility
 u - 2 potions of curing
 A - a potion of magic
 J - a potion of mutation {unknown}
Books
 m - a book of Clouds

   Spells                             Type                      Level
   a - Mephitic Cloud                 Conjuration/Poison/Air       3
   b - Conjure Flame                  Conjuration/Fire             3
   c - Poisonous Cloud                Conjuration/Poison/Air       6
   d - Freezing Cloud                 Conjuration/Ice/Air          6
   e - Ring of Flames                 Charms/Fire                  7
 H - a Necronomicon

   Spells                             Type                      Level
   a - Haunt                          Necromancy/Summoning         7
   b - Borgnjor's Revivification      Necromancy                   8
   c - Death's Door                   Charms/Necromancy            8
   d - Necromutation                  Transmutation/Necromancy     8
 Q - a book of the Sky

   Spells                             Type                      Level
   a - Summon Lightning Spire         Summoning/Air                4
   b - Airstrike                      Air                          4
   c - Silence                        Hexes/Air                    5
   d - Deflect Missiles               Charms/Air                   6
   e - Conjure Ball Lightning         Conjuration/Air              6
   f - Tornado                        Air                          9
 R - a book of the Warp

   Spells                             Type                      Level
   a - Recall                         Summoning/Translocation      3
   b - Gell's Gravitas                Hexes/Translocation          3
   c - Force Lance                    Conjuration/Translocation    4
   d - Warp Weapon                    Charms/Translocation         5
   e - Summon Forest                  Summoning/Translocation      5
Miscellaneous
 k - an ornate deck of destruction {drawn: 4}
 r - a plain deck of war {drawn: 1}
 v - a plain deck of escape
 z - a plain deck of escape
 D - a plain deck of war {drawn: 6}
 F - a plain deck of war
 K - a legendary deck of escape {drawn: 1}
 O - a disc of storms
Comestibles
 a - 14 bread rations
 d - a beef jerky
 g - 9 fruits
 l - 7 meat rations
 L - 8 slices of pizza


   Skills:
 + Level 8.9 Fighting
 + Level 7.3 Dodging
 - Level 1.7 Stealth
 + Level 13.6 Unarmed Combat
 + Level 7.4 Evocations


You had 10 spell levels left.
You didn't know any spells.

Dungeon Overview and Level Annotations

Branches:
Dungeon (11/15)            Temple (0/1) D:7            Lair (0/8) D:9
    Orc (0/2) D:9

Altars:
Dithmenos
Gozag
Kikubaaqudgha
Nemelex Xobeh
Qazlal
Ru
Xom
Yredelemnul

Shops:
D:8 *   D:9 ([


Innate Abilities, Weirdness & Mutations

You can breathe blasts of fire.
Your fiery red scales are hard (AC +7).
Your body does not fit into most forms of armour.
Your flesh is heat resistant.
You are cold-blooded and may be slowed by cold attacks.
You have a pair of small horns on your head.
You are agile. (Dex +2)
You are somewhat resistant to further mutation.
Your natural rate of healing is unusually fast.
You occasionally shout uncontrollably at your foes.
Your muscles are strong. (Str +2)


Message History

The yaktaur shoots a bolt.
The bolt barely misses you.
Lightning arcs down from a storm cloud! x2
You see here an arrow.
The yaktaur is engulfed in roaring flames.
You kill the yaktaur!
Lightning arcs down from a storm cloud!
You have got your breath back.
The centaur warrior shoots an arrow.
The arrow hits you!
* * * LOW HITPOINT WARNING * * *
The centaur warrior shoots an arrow.
The arrow misses you.
Lightning arcs down from a storm cloud!
You hear an angry hiss.
The centaur warrior shoots an arrow.
The arrow misses you.
The centaur warrior shoots an arrow.
The arrow completely misses you.
Lightning arcs down from a storm cloud!
The centaur warrior shoots an arrow.
The arrow hits you!
* * * LOW HITPOINT WARNING * * *
The centaur warrior shoots an arrow.
The arrow hits you!!
You die...
Your body glows with a rainbow of weird colours and disappears.

#....# #...#### #....#
#......+ #....# .#......#
+....#..+......#
#....##.#...§.§# #####
#.....#.#...§§§#......
#.....#.#...§§§+......
#....<#.####'###.z...#
...###'###..§@E.§§z).z..#
#..........§.§(..§§§....###
#............§§§§.§.....#>#
#..........§.§.§..§....##.##
#.....#######§§§.§.....#...#
#..... #.........##...##
#..... #.........#.....#
...... #.|c.....##.....##
### #........#.......#


You could see a centaur warrior, 2 wights and a friendly air elemental.

Vanquished Creatures
  Harold (D:10)
  A hydra (D:11)
  A hill giant (D:10)
  A centaur skeleton (D:8)
  A komodo dragon (D:11)
  A yaktaur (D:11)
  A queen bee (D:10)
  A blink frog (D:9)
  Prince Ribbit (D:6)
  17 yaks
  A fire bat (D:4)
  2 wyverns
  A basilisk (D:10)
  A human (D:10)
  A hungry ghost (D:8)
  5 orc warriors
  5 sky beasts
  2 ice beasts (D:9)
  2 black bears (D:9)
  A phantom (D:6)
  A necrophage (D:10)
  3 ogres
  5 centaurs
  A crocodile (D:9)
  A big kobold (D:8)
  5 giant frogs
  4 scorpions
  13 killer bees
  A howler monkey (D:5)
  13 wights
  3 electric eels (D:9)
  2 crimson imps
  2 giant frog zombies
  3 hounds
  A jelly (D:8)
  8 orc priests
  Jessica (D:2)
  2 iguanas
  13 orc wizards
  5 worker ants
  A howler monkey zombie (D:6)
  A worker ant zombie (D:9)
  A gnoll (D:7)
  4 river rats
  16 adders
  4 howler monkey skeletons
  3 shadow imps
  An ooze (D:2)
  An adder skeleton (D:6)
  5 worms
  7 giant geckos
  45 orcs
  A ball python (D:1)
  14 bats
  4 giant cockroaches
  5 goblins
  6 hobgoblins
  11 jackals
  4 quokkas
  A giant cockroach zombie (D:6)
  A giant gecko skeleton (D:7)
  4 giant newts
  A jackal zombie (D:8)
  9 kobolds
  A quokka skeleton (D:4)
  17 rats
302 creatures vanquished.

Vanquished Creatures (collateral kills)
  Grinder (D:4)
  A wyvern (D:9)
  Edmund (D:4)
  An ogre (D:4)
  A howler monkey (D:4)
  An electric eel (D:9)
  A worker ant (D:4)
7 creatures vanquished.

Vanquished Creatures (others)
  A fungus (D:9)
1 creature vanquished.

Grand Total: 310 creatures vanquished

Notes
Turn   | Place    | Note
--------------------------------------------------------------
     0 | D:1      | namelastname112 the Draconian Monk began the quest for the Orb.
     0 | D:1      | Reached XP level 1. HP: 19/19 MP: 1/1
   115 | D:1      | Reached XP level 2. HP: 21/26 MP: 2/2
   830 | D:2      | Reached skill level 5 in Unarmed Combat
   830 | D:2      | Reached XP level 3. HP: 26/31 MP: 3/3
  1229 | D:2      | Noticed Jessica
  1235 | D:2      | Killed Jessica
  1235 | D:2      | Reached XP level 4. HP: 36/38 MP: 4/4
  1311 | D:2      | Reached skill level 6 in Unarmed Combat
  2065 | D:3      | Found a sparkling altar of Nemelex Xobeh.
  2068 | D:3      | Reached XP level 5. HP: 45/45 MP: 5/5
  2097 | D:3      | Became a worshipper of Nemelex Xobeh the Trickster
  2097 | D:3      | Received a gift from Nemelex Xobeh
  2097 | D:3      | Reached * piety under Nemelex Xobeh
  2097 | D:3      | Received a gift from Nemelex Xobeh
  2097 | D:3      | Reached ** piety under Nemelex Xobeh
  2097 | D:3      | Received a gift from Nemelex Xobeh
  2360 | D:4      | Noticed an ice beast
  2364 | D:4      | Noticed a fire bat
  2364 | D:4      | an ice beast changed into a fire bat
  2367 | D:4      | Killed a fire bat
  2367 | D:4      | Reached skill level 7 in Unarmed Combat
  2367 | D:4      | Reached XP level 6. HP: 51/51 MP: 6/6
  2400 | D:4      | Noticed Grinder
  2402 | D:4      | Noticed Edmund
  2417 | D:4      | Killed Grinder
  2417 | D:4      | Reached skill level 8 in Unarmed Combat
  2418 | D:4      | Killed Edmund
  2424 | D:4      | Your scales start taking on a fiery red colour.
  2424 | D:4      | Reached XP level 7. HP: 57/57 MP: 7/7
  2424 | D:4      | Gained mutation: Your flesh is heat resistant. [Red Draconian growth]
  2511 | D:4      | Found a shadowy altar of Dithmenos.
  2551 | D:4      | Received a gift from Nemelex Xobeh
  2579 | D:4      | Reached skill level 9 in Unarmed Combat
  2754 | D:5      | Entered Level 5 of the Dungeon
  3284 | D:5      | Reached skill level 10 in Unarmed Combat
  3288 | D:5      | Reached XP level 8. HP: 36/63 MP: 8/8
  3703 | D:6      | Reached *** piety under Nemelex Xobeh
  3703 | D:6      | Received a gift from Nemelex Xobeh
  4332 | D:6      | Reached skill level 11 in Unarmed Combat
  4344 | D:6      | Noticed Prince Ribbit
  4351 | D:6      | Killed Prince Ribbit
  4472 | D:7      | Found a staircase to the Ecumenical Temple.
  4700 | D:6      | Reached skill level 1 in Evocations
  4864 | D:7      | Reached XP level 9. HP: 51/71 MP: 8/10
  4962 | D:7      | Received a gift from Nemelex Xobeh
  5044 | D:7      | Gained mutation: You are agile. (Dex +2) [mutagenic meat]
  5045 | D:7      | Gained mutation: You occasionally shout uncontrollably at your foes. [mutagenic meat]
  5046 | D:7      | Gained mutation: You have a pair of small horns on your head. [mutagenic meat]
  5312 | D:7      | Found a basalt altar of Yredelemnul.
  5315 | D:7      | Found an ancient bone altar of Kikubaaqudgha.
  5316 | D:7      | Found a shimmering altar of Xom.
  5318 | D:7      | Found a stormy altar of Qazlal.
  5320 | D:7      | Found an opulent altar of Gozag.
  5488 | D:8      | Reached skill level 12 in Unarmed Combat
  5580 | D:8      | Reached skill level 5 in Fighting
  5883 | D:8      | Found Yceo's General Store.
  5897 | D:8      | Gained mutation: Your natural rate of healing is unusually fast. [mutagenic meat]
  5898 | D:8      | Gained mutation: Your muscles are strong. (Str +2) [mutagenic meat]
  5990 | D:8      | Received a gift from Nemelex Xobeh
  6109 | D:8      | Found a sacrificial altar of Ru.
  6112 | D:8      | Reached XP level 10. HP: 83/83 MP: 13/13
  6291 | D:8      | Reached skill level 5 in Dodging
  6582 | D:9      | Received a gift from Nemelex Xobeh
  6590 | D:9      | Reached **** piety under Nemelex Xobeh
  6601 | D:9      | Reached skill level 5 in Evocations
  6951 | D:9      | Found Nuilotom's Antique Weapon Emporium.
  6985 | D:9      | Found Fuvyututi's Antique Armour Boutique.
  7188 | D:9      | Bought a distressingly furry cloak for 304 gold pieces
  7193 | D:9      | Identified the +2 cloak of Disappointment {+Blink rN+ MP+9 Dex-3} (You bought it in a shop on level 9 of the Dungeon)
  7435 | D:9      | Reached skill level 13 in Unarmed Combat
  7481 | D:9      | Received a gift from Nemelex Xobeh
  7554 | D:9      | Found a staircase to the Orcish Mines.
  7763 | D:9      | Found a staircase to the Lair.
  7879 | D:10     | Entered Level 10 of the Dungeon
  7879 | D:10     | Received a gift from Nemelex Xobeh
  7897 | D:10     | Noticed a hill giant
  7905 | D:10     | Killed a hill giant
  7905 | D:10     | Reached XP level 11. HP: 67/94 MP: 15/15
  7911 | D:10     | Noticed Harold
  8059 | D:10     | Killed Harold
  8073 | D:10     | HP: 4/94 [troll (15)]
  8531 | D:10     | Gained mutation: You are somewhat resistant to further mutation. [mutagenic meat]
  8889 | D:11     | Noticed a seven-headed hydra
  8898 | D:11     | Killed a seven-headed hydra
  8901 | D:11     | Noticed a centaur warrior
  8906 | D:11     | Shot with an arrow by a centaur warrior

Vault maps used:
D:1:      elethiomel_arrival_infinity_welcomes_careful_drivers, minivault_14
D:2:      uniq_jessica
D:3:      nemelex_xobeh_ov_fountains_minmay, first_bread, st_stairs_13
D:4:      nicolae_dithmenos_shadow_blocks, uniq_edmund, uniq_grinder
D:6:      uniq_prince_ribbit1
D:7:      minitemple, minmay_temple_entry_water_ring
D:8:      nicolae_ru_great_annihilating_truth, serial_shops, nicolae_shop_stone
D:9:      grunt_lair_entry_orc_guard_hut, david_orc_3, serial_bayou,
          serial_bayou_lagoon_a, serial_bayou_pond_a, serial_bayou_pond_b,
          serial_bayou_ford_a, serial_shops, shop, shop_statue
D:10:     grunt_pizzeria, hex_large, uniq_harold
D:11:     minmay_diamond_stairs, nicolae_qazlal_style_of_elements

Skill      XL: |  1  2  3  4  5  6  7  8  9 10 11 |
---------------+----------------------------------+-----
Unarmed Combat | 5 6 7 8 10 11 12 13 | 13.6
Dodging        | 3 4 6 7 |  7.3
Evocations     | 1 4 6 7 |  7.4
Fighting       | 6 7 8 |  8.9
Stealth        | |  1.7

Action                   |  1- 3 |  4- 6 |  7- 9 | 10-12 || total
-------------------------+-------+-------+-------+-------++-------
Melee: Unarmed           |    95 |    96 |   369 |   391 ||   951
 Abil: Breathe Fire      |       |       |    10 |    17 ||    27
Evoke: Deck              |       |     6 |    21 |    12 ||    39
       Wand              |       |       |     1 |       ||     1
  Use: Scroll            |       |     1 |    14 |     3 ||    18
       Potion            |       |       |     1 |     1 ||     2
 Stab: Sleeping          |     2 |     5 |     3 |     1 ||    11
       Invisible         |       |       |       |     1 ||     1
  Eat: Chunk             |     1 |     3 |    19 |    15 ||    38
       Royal jelly       |       |       |       |     1 ||     1
